 Dungeon Crawl Stone Soup version 0.20.1-1-g8b1a95d (webtiles) character file.

1638 sandworm the Summoner (level 8, 0/55 HPs)
             Began as a Barachi Summoner on Oct 25, 2017.
             Was an Initiate of Yredelemnul.
             Killed from afar by an electric eel (11 damage)
             ... with a bolt of electricity
             ... on level 6 of the Dungeon on Oct 26, 2017.
             The game lasted 01:51:42 (8641 turns).

sandworm the Summoner (Barachi Summoner)            Turns: 8641, Time: 01:51:43

Health: 0/55       AC:  6    Str: 11    XL:     8   Next: 98%
Magic:  10/14      EV: 14    Int: 15    God:    Yredelemnul [......]
Gold:   212        SH:  0    Dex: 14    Spells: 2/15 levels left

rFire    . . .     SeeInvis .   q - +2 short sword (protect)
rCold    . . .     Gourm    .   (no shield)
rNeg     . . .     Faith    .   h - +0 leather armour
rPois    .         Spirit   .   (no helmet)
rElec    .         Reflect  .   w - +2 cloak {+Inv}
rCorr    .         Harm     .   (no gloves)
MR       .....                  (no boots)
Stlth    ++........             (no amulet)
Regen    0.2/turn               A - ring of flight
MPRegen  0.2/turn               (no ring)

@: very slightly contaminated, slow
A: +LOS, swims, slowness 1, strong legs 1
a: Hop, Renounce Religion, Evoke Invisibility, Evoke Flight


You were on level 6 of the Dungeon.
You worshipped Yredelemnul.
Yredelemnul was noncommittal.
You were not hungry.

You visited 2 branches of the dungeon, and saw 7 of its levels.
You also visited: Ossuary.

You collected 302 gold pieces.
You spent 90 gold pieces at shops.

Inventory:

Hand Weapons
 e - a +0 dagger
 j - a +0 short sword
 n - a +2 dagger of venom
 q - a +2 short sword of protection (weapon)
Missiles
 z - a throwing net (quivered)
Armour
 a - a +0 robe
 h - a +0 leather armour (worn)
 o - a +0 scale mail
 w - a +2 cloak of invisibility (worn)
 y - a +0 ring mail
 G - a +0 chain mail of cold resistance
Jewellery
 A - a ring of flight (left hand)
Wands
 H - a wand of flame (13/48)
Scrolls
 d - a scroll of fear
 f - 10 scrolls of remove curse
 g - a scroll of noise
 s - 2 scrolls of amnesia
 t - 2 scrolls of fog
 x - a scroll of recharging
 C - 3 scrolls of teleportation
 I - a scroll of enchant weapon {unknown}
 J - a scroll of immolation {unknown}
 K - a scroll of random uselessness {unknown}
Potions
 c - a potion of haste
 i - a potion of flight
 k - a potion of might {unknown}
 l - a potion of invisibility
 m - a potion of resistance
 r - a potion of curing
 u - 3 potions of lignification
 v - 2 potions of agility
 B - a potion of mutation
 D - a potion of magic
 E - 2 potions of cancellation
 F - 2 potions of ambrosia
Books
 b - a book of Callings

   Spells                             Type                      Level
   a - Summon Small Mammal            Summoning                    1
   b - Call Imp                       Summoning                    2
   c - Call Canine Familiar           Summoning                    3
   d - Summon Guardian Golem          Hexes/Summoning              3
   e - Summon Lightning Spire         Summoning/Air                4
   f - Summon Ice Beast               Ice/Summoning                4


   Skills:
 + Level 1.7 Fighting
 * Level 6.4 Short Blades
 + Level 2.6 Armour
 * Level 5.3 Dodging
 + Level 2.1 Stealth
 + Level 4.3 Spellcasting
 + Level 1.5 Hexes
 * Level 8.6 Summonings
 + Level 0.8 Ice Magic


You had 2 spell levels left.
You knew the following spells:

 Your Spells              Type           Power        Failure   Level  Hunger
a - Summon Small Mammal   Summ           ####         1%          1    None
b - Call Imp              Summ           ####....     1%          2    ##.....
c - Call Canine Familiar  Summ           ####....     1%          3    ###....
d - Summon Guardian Gole  Hex/Summ       ###.....     9%          3    ###....
e - Summon Ice Beast      Ice/Summ       ###.....     32%         4    ####...


Dungeon Overview and Level Annotations

Branches:
Dungeon (6/15)             Temple (1/1) D:5

Altars:
Cheibriados
Dithmenos
Elyvilon
Fedhas
Gozag
Hepliaklqana
Kikubaaqudgha
Makhleb
Nemelex Xobeh
Qazlal
Ru
Sif Muna
Trog
Uskayaw
Vehumet
Xom
Yredelemnul
Zin
The Shining One

Shops:
D:4 =   D:6 (


Innate Abilities, Weirdness & Mutations

Shadows flee at your approach. (+LOS)
You can swim through water.
You cover ground slowly.
You can hop short distances.


Message History

The bolt of electricity hits your crimson imp. x2
Your crimson imp blinks!
There is an escape hatch in the floor here.
The electric eel shoots out a bolt of lightning at your crimson imp!
The bolt of electricity hits your crimson imp.
Your crimson imp blinks!
The electric eel shoots out a bolt of lightning at your crimson imp!
The bolt of electricity hits your crimson imp.
Your crimson imp dies!
There is an escape hatch in the floor here.
Casting: Summon Guardian Golem
Confirm with . or Enter, or press ? or * to list all spells.
You miscast Call Canine Familiar.
You are very lightly contaminated with residual magic.
Nothing appears to happen.
Your guardian golem overheats!
The electric eel shoots out a bolt of lightning at you!
The bolt of electricity hits you!
You die...
Your body rises from the dead as a mindless zombie.

###### ..≈≈§≈§§.......#
###########....######.§.........#
.≈.≈≈..≈≈......#................#
≈.≈≈≈≈≈.≈≈≈≈≈≈.#..........#######
≈.≈♣♣♣≈.≈♣♣♣≈≈.#..........# ≈≈≈♣
♣≈.≈♣ ♣≈≈............#
≈≈≈♣♣♣≈≈≈♣♣♣≈.............#
≈≈≈≈≈≈≈≈≈≈≈≈≈.............#
.≈.≈..≈..≈≈.≈≈..@##########
≈≈≈≈≈≈≈.≈≈≈≈≈≈..>#
≈≈≈♣♣♣≈≈≈♣♣♣≈....# ≈≈≈♣ ♣≈≈≈♣
♣≈....# ≈≈≈♣ ♣≈≈≈♣♣♣≈....# ≈
≈≈≈5≈≈≈≈≈≈≈≈...# ≈≈.≈≈≈..≈≈....#
≈≈≈≈≈.≈≈≈≈;8...# ≈♣♣♣≈.≈♣♣♣≈..###


You could see an electric eel and a friendly guardian golem (inner flame).

Vanquished Creatures
  Edmund (D:4)
  A sky beast (D:5)
  The ghost of irongrip the Slasher, an amateur DsBe of Trog (D:3)
  2 bullfrogs (D:6)
  3 crimson imps
  A hound (D:5)
  2 orc wizards (D:5)
  A centaur skeleton (D:6)
  2 iguanas (D:4)
  A worker ant (D:4)
  A worker ant zombie (D:5)
  8 adders
  7 gnolls
  A howler monkey skeleton (D:4)
  A shadow imp (D:6)
  2 oozes
  2 dart slugs
  2 leopard geckos
  11 orcs
  6 bats
  3 giant cockroaches
  7 goblins
  5 hobgoblins
  4 jackals
  5 kobolds
  3 quokkas
  2 ball pythons (D:1)
  5 frilled lizards
  2 gnoll skeletons (Ossuary)
  4 kobold skeletons (Ossuary)
  5 orc skeletons (Ossuary)
  6 rats
107 creatures vanquished.

Vanquished Creatures (collateral kills)
  Grinder (D:4)
  A wraith (Ossuary)
  Menkaure (D:5)
  3 ogres
  A phantom (D:6)
  A centaur (D:6)
  A scorpion (D:6)
  An electric eel (D:6)
  A howler monkey (D:4)
  2 orc wizards (D:5)
  A gnoll shaman (D:4)
  Natasha (twice) (D:4)
  Terence (D:2)
  An iguana (D:5)
  A worker ant (D:6)
  A mummy (Ossuary)
  5 gnolls (D:4)
  2 adders
  2 worms (D:4)
  2 leopard geckos
  10 orcs
  A giant cockroach (D:1)
  3 goblins
  5 hobgoblins
  9 jackals
  A quokka (D:4)
  5 bats
  A frilled lizard (D:1)
  2 gnoll skeletons (Ossuary)
  2 kobolds
  3 kobold skeletons (Ossuary)
  9 orc skeletons (Ossuary)
  A rat (D:3)
83 creatures vanquished.

Vanquished Creatures (others)
  A bullfrog skeleton (D:4)
  A leopard gecko (D:6)
  A quokka (D:6)
3 creatures vanquished.

Grand Total: 193 creatures vanquished

Notes
Turn   | Place    | Note
-------+----------+-------------------------------------------
     0 | D:1      | sandworm the Barachi Summoner began the quest for the Orb.
     0 | D:1      | Reached XP level 1. HP: 13/13 MP: 3/3
   253 | D:1      | Reached skill level 5 in Summonings
   269 | D:1      | Reached XP level 2. HP: 7/19 MP: 5/5
   461 | D:1      | Learned a level 2 spell: Call Imp
  1173 | D:2      | Reached XP level 3. HP: 22/24 MP: 6/6
  1217 | D:2      | Learned a level 3 spell: Call Canine Familiar
  1217 | D:2      | Found a snail-covered altar of Cheibriados.
  1424 | D:2      | Reached skill level 1 in Short Blades
  1681 | D:2      | Noticed Terence
  1688 | D:2      | Killed Terence
  1688 | D:2      | Reached XP level 4. HP: 31/31 MP: 1/7
  1808 | D:3      | Noticed irongrip's ghost (amateur DsBe)
  1869 | D:3      | Killed irongrip's ghost
  1887 | D:3      | Reached XP level 5. HP: 32/36 MP: 0/9
  1904 | D:3      | Learned a level 3 spell: Summon Guardian Golem
  1937 | D:3      | Found a faded altar of an unknown god.
  2220 | D:3      | Found Zin's Purification Station.
  2224 | D:3      | Found a glowing silver altar of Zin.
  2231 | D:3      | Bought a potion of curing for 90 gold pieces
  2893 | D:3      | Reached skill level 1 in Fighting
  3259 | D:4      | Reached XP level 6. HP: 15/43 MP: 7/10
  3424 | D:4      | Reached skill level 1 in Armour
  3424 | D:4      | Reached skill level 6 in Summonings
  3461 | D:4      | Noticed Natasha
  3507 | D:4      | Killed Natasha
  3574 | D:4      | Reached skill level 1 in Hexes
  3586 | D:4      | Found a sand-covered staircase.
  3594 | Ossuary  | Entered an ossuary
  3594 | Ossuary  | Noticed a wraith
  3594 | Ossuary  | Noticed a wraith
  3594 | Ossuary  | Noticed a wraith
  3647 | Ossuary  | Reached XP level 7. HP: 48/48 MP: 1/11
  3908 | Ossuary  | Noticed a wraith
  3941 | Ossuary  | Killed a wraith
  4293 | D:4      | Noticed Edmund
  4358 | D:4      | Killed Edmund
  4813 | D:4      | Noticed Natasha
  4843 | D:4      | Killed Natasha
  4893 | D:4      | Reached skill level 7 in Summonings
  4971 | D:4      | Noticed Grinder
  4973 | D:4      | Paralysed by Grinder for 4 turns
  4985 | D:4      | Paralysed by Grinder for 3 turns
  5006 | D:4      | Killed Grinder
  5197 | D:4      | Learned a level 4 spell: Summon Ice Beast
  5210 | D:4      | Reached XP level 8. HP: 54/54 MP: 6/13
  5288 | D:4      | Found Laras's Jewellery Shoppe.
  5386 | D:5      | Entered Level 5 of the Dungeon
  5482 | D:5      | Reached skill level 5 in Short Blades
  5692 | D:5      | Noticed Menkaure
  5713 | D:5      | Killed Menkaure
  6022 | D:5      | Found a glowing golden altar of the Shining One.
  6145 | D:5      | Found a staircase to the Ecumenical Temple.
  6181 | D:5      | Reached skill level 8 in Summonings
  6445 | D:5      | Found a sparkling altar of Nemelex Xobeh.
  6445 | D:5      | Found an opulent altar of Gozag.
  6597 | Temple   | Entered the Ecumenical Temple
  6719 | Temple   | Became a worshipper of Yredelemnul the Dark
  7195 | D:6      | Found a bloodstained altar of Trog.
  7269 | D:6      | Found a stormy altar of Qazlal.
  7288 | D:6      | Reached skill level 5 in Dodging
  7548 | D:6      | Found an ancient bone altar of Kikubaaqudgha.
  7646 | D:6      | Found a radiant altar of Vehumet.
  7744 | D:6      | Found Imatsir's Antique Weapon Shop.
  7835 | D:6      | Found a white marble altar of Elyvilon.
  8641 | D:6      | Killed from afar by an electric eel

Skill      XL: |  1  2  3  4  5  6  7  8 |
---------------+-------------------------+-----
Summonings     | 5 6 7 8 |  8.6
Stealth        | 2 |  2.1
Short Blades   | 1 2 3 4 6 |  6.4
Dodging        | 3 4 5 |  5.3
Fighting       | 1 |  1.7
Spellcasting   | 3 4 |  4.3
Armour         | 1 2 |  2.6
Hexes          | 1 |  1.5
Ice Magic      | |  0.8

Action                   |  1- 3 |  4- 6 |  7- 9 || total
-------------------------+-------+-------+-------++-------
Melee: Dagger            |    50 |       |       ||    50
       Unarmed           |    15 |       |       ||    15
       Short sword       |    67 |   206 |   378 ||   651
 Cast: Summon Small Mamm |    11 |       |       ||    11
       Call Imp          |     8 |    20 |    33 ||    61
       Call Canine Famil |     3 |    13 |    18 ||    34
       Summon Guardian G |       |    14 |    22 ||    36
       Summon Ice Beast  |       |       |     5 ||     5
 Abil: Hop               |     1 |     1 |       ||     2
  Use: Scroll            |       |     8 |     8 ||    16
       Potion            |       |       |     4 ||     4
 Stab: Sleeping          |     1 |     3 |     2 ||     6
       Distracted        |     1 |     1 |       ||     2
  Eat: Fruit             |     3 |       |     5 ||     8
       Bread ration      |     1 |     2 |     3 ||     6
       Meat ration       |       |       |     2 ||     2
       Chunk             |       |       |     1 ||     1
Armor: Robe              |    18 |       |       ||    18
       Leather armour    |    36 |    70 |   102 ||   208
Dodge: Dodged            |   109 |   144 |   204 ||   457
